 Dungeon Crawl Stone Soup version 0.18.1-8-gdd0e5ea (webtiles) character file.

728 georgeearnest the Chiller (level 7, -1/57 HPs)
             Began as a White Draconian Ice Elementalist on May 21, 2016.
             Was a Follower of Nemelex Xobeh.
             Slain by a gnoll
             ... wielding a +0 flail
              (22 damage)
             ... on level 4 of the Dungeon.
             The game lasted 00:22:11 (6653 turns).

georgeearnest the Chiller (DrIE)                    Turns: 6653, Time: 00:22:12

Health: -1/57      AC:  7    Str: 10    XL:     7   Next: 44%
Magic:  3/3        EV: 14    Int: 17    God:    Nemelex Xobeh [*.....]
Gold:   71         SH:  0    Dex: 12    Spells: 4 memorised, 3 levels left

rFire  . . .     SeeInvis .     E - +1 war axe (antimagic)
rCold  + . .     Gourm    .     (armour unavailable)
rNeg   . . .     Faith    .     (no shield)
rPois  .         Spirit   .     (helmet restricted)
rElec  .         Dismiss  .     j - +0 cloak
rCorr  .         Reflect  .     (no gloves)
SustAt .         Harm     .     (no boots)
MR     .....                    (no amulet)
Stlth  ++........               (no ring)
                                (no ring)

@: not resistant to hostile enchantments, unstealthy
A: breathe frost, unfitting armour, cold resistance 1, cold-blooded, AC +6
a: Breathe Frost, Renounce Religion


You were on level 4 of the Dungeon.
You worshipped Nemelex Xobeh.
Nemelex Xobeh was aware of your devotion.
You were not hungry.

You visited 1 branch of the dungeon, and saw 5 of its levels.

You collected 227 gold pieces.
You spent 156 gold pieces at shops.

Inventory:

Hand Weapons
 f - a +0 whip
 n - a +3 quarterstaff of chaos
 E - a +1 antimagic war axe (weapon)
Missiles
 F - 2 throwing nets (quivered)
Armour
 j - a +0 cloak (worn)
Wands
 i - a wand of slowing (16/48)
 s - a wand of flame (32/48)
 u - a wand of acid (5/15)
 y - a wand of acid (12/15)
Scrolls
 d - 2 scrolls of noise {unknown}
 g - a scroll of fog {unknown}
 k - 5 scrolls of immolation {unknown}
 m - 4 scrolls of identify {unknown}
 t - a scroll of remove curse {unknown}
 v - 3 scrolls of teleportation {unknown}
 w - a scroll of amnesia {unknown}
Potions
 c - a potion of degeneration {unknown}
 e - a potion of cancellation {unknown}
 h - a potion of invisibility {unknown}
 o - a potion of cure mutation {unknown}
 p - 2 potions of curing
 q - a potion of magic {unknown}
 r - a potion of might
 x - 3 potions of ambrosia {unknown}
 z - 2 potions of flight {unknown}
 A - a potion of agility {unknown}
 B - 2 potions of heal wounds
Books
 a - a book of Frost

   Spells                             Type                      Level
   a - Freeze                         Ice                          1
   b - Throw Frost                    Conjuration/Ice              2
   c - Ozocubu's Armour               Charms/Ice                   3
   d - Throw Icicle                   Conjuration/Ice              4
   e - Summon Ice Beast               Ice/Summoning                4
 D - a book of Burglary

   Spells                             Type                      Level
   a - Swiftness                      Charms/Air                   2
   b - Passwall                       Transmutation/Earth          2
   c - Passage of Golubria            Translocation                4
   d - Lee's Rapid Deconstruction     Earth                        5
   e - Darkness                       Hexes                        6
   f - Invisibility                   Hexes                        6
Miscellaneous
 G - a plain deck of destruction
Comestibles
 b - a bread ration
 l - a slice of pizza
 C - 3 fruits
 H - a meat ration


   Skills:
 + Level 3.1 Fighting
 * Level 1.3(2.0) Axes
 - Level 2.2(2.4) Maces & Flails
 + Level 4.6 Dodging
 + Level 2.3 Stealth
 + Level 3.1 Spellcasting
 + Level 2.2 Conjurations
 * Level 5.2 Ice Magic
 + Level 0.4 Evocations


You had 3 spell levels left.
You knew the following spells:

 Your Spells              Type           Power        Failure   Level  Hunger
a - Freeze                Ice            ###.         1%          1    None
b - Throw Frost           Conj/Ice       ###...       6%          2    ##.....
c - Throw Icicle          Conj/Ice       ###.....     38%         4    ####...
d - Passwall              Trmt/Erth      #.........   30%         2    ##.....


Dungeon Overview and Level Annotations

Branches:
Dungeon (5/15)
 Temple: D:4-7

Altars:
Ashenzari
Fedhas
Nemelex Xobeh
Trog

Shops:
D:5 !


Innate Abilities, Weirdness & Mutations

You can breathe waves of freezing cold.
You can buffet flying creatures when you breathe cold.
Your icy white scales are hard (AC +6).
Your body does not fit into most forms of armour.
Your flesh is cold resistant.
You are cold-blooded and may be slowed by cold attacks.


Message History

The gnoll shouts!
You see here a halberd.
Things that are here:
a club; a gnoll corpse
Things that are here:
a halberd; a whip
Items here: )))) † a halberd; a flail; a whip; a club; a gnoll corpse The gnoll barely misses you.
You hit the gnoll.
The gnoll is moderately wounded.
The gnoll drinks a potion.
The gnoll seems to grow stronger.
You barely miss the gnoll.
The gnoll is moderately wounded.
The gnoll hits you with a flail! x2
You hit the gnoll.
Your tail-slap misses the gnoll.
The gnoll is severely wounded.
The gnoll hits you with a flail!!
You die...
Your body disappears without a glow.

≈≈≈≈≈≈≈≈≈≈≈≈≈....≈)≈≈≈≈≈≈≈≈≈≈≈≈≈≈
≈≈≈≈≈≈≈≈≈≈≈≈≈....≈≈≈≈≈≈≈≈≈≈≈≈≈≈≈≈
.................)...............
#.######..####....##.............
#.# ###..####.#)###.#####.###[.#
#.# #...............# #.# #..#
#.# #.#..####..)###.# #.# #..#
#.# #.#..# ###g# #.# #.# #... #.#
#.#..# #@# #.# #.# #... #.#
#.#..# #.# #.# #.# #).. #..
.<...# #.###.#####.###... #..(.#
#.........>...<).. .....#
#.###............. ####.#
#.....#####)####.# ####..# ##.#
#.# #..# ##..# #.# #..###...##
#.#


You could see a gnoll.

Vanquished Creatures
  2 eyes of draining (D:4)
  The ghost of namelastname112 the Vexing, an amateur DrAM (D:4)
  Crazy Yiuf (D:3)
  An orc wizard (D:4)
  2 worker ants (D:5)
  15 gnolls (D:4)
  6 adders
  3 oozes
  A worm (D:2)
  2 dart slugs
  3 giant geckos
  10 orcs
  3 ball pythons
  2 giant cockroaches
  6 goblins
  4 hobgoblins
  20 jackals
  5 kobolds
  6 quokkas
  8 bats
  5 giant newts
  4 rats
110 creatures vanquished.

Vanquished Creatures (collateral kills)
  A wolf (D:3)
1 creature vanquished.

Grand Total: 111 creatures vanquished

Notes
Turn   | Place    | Note
--------------------------------------------------------------
     0 | D:1      | georgeearnest the Draconian Ice Elementalist began the quest for the Orb.
     0 | D:1      | Reached XP level 1. HP: 14/14 MP: 3/3
   304 | D:1      | Reached XP level 2. HP: 14/20 MP: 5/5
   406 | D:1      | Learned a level 2 spell: Throw Frost
  1295 | D:2      | Reached XP level 3. HP: 25/26 MP: 1/6
  1574 | D:2      | Found a shattered altar of Ashenzari.
  1991 | D:2      | Found a sparkling altar of Nemelex Xobeh.
  2008 | D:2      | Became a worshipper of Nemelex Xobeh the Trickster
  2179 | D:2      | Reached XP level 4. HP: 23/33 MP: 7/7
  2318 | D:2      | Received a gift from Nemelex Xobeh
  2661 | D:3      | Noticed a wolf
  2661 | D:3      | a worm changed into a wolf
  2688 | D:3      | Killed a wolf
  2688 | D:3      | Reached skill level 1 in Fighting
  2688 | D:3      | Reached skill level 1 in Maces & Flails
  2688 | D:3      | Reached XP level 5. HP: 25/40 MP: 4/9
  3299 | D:3      | Noticed Crazy Yiuf
  3310 | D:3      | Killed Crazy Yiuf
  4226 | D:4      | Reached * piety under Nemelex Xobeh
  4800 | D:5      | Entered Level 5 of the Dungeon
  5209 | D:5      | Learned a level 4 spell: Throw Icicle
  5227 | D:5      | Found a blossoming altar of Fedhas.
  5275 | D:5      | Reached XP level 6. HP: 48/48 MP: 0/10
  5291 | D:5      | Found Zaogahae's Distillery.
  5294 | D:5      | Bought 2 potions of heal wounds for 120 gold pieces
  5294 | D:5      | Bought a potion of curing for 36 gold pieces
  5566 | D:4      | Found a bloodstained altar of Trog.
  5651 | D:4      | Reached skill level 4 in Ice Magic
  5666 | D:4      | Learned a level 2 spell: Passwall
  6018 | D:4      | Your scales start taking on an icy white colour.
  6018 | D:4      | Reached XP level 7. HP: 54/56 MP: 3/11
  6018 | D:4      | Gained mutation: Your flesh is cold resistant. [White Draconian growth]
  6032 | D:4      | Noticed namelastname112's ghost (amateur DrAM)
  6054 | D:4      | Killed namelastname112's ghost
  6054 | D:4      | Reached skill level 5 in Ice Magic
  6265 | D:4      | Received a gift from Nemelex Xobeh
  6512 | D:4      | Reached skill level 1 in Axes
  6653 | D:4      | Slain by a gnoll

Skill      XL: |  1  2  3  4  5  6  7 |
---------------+----------------------+-----
Dodging        | 2 3 4 |  4.6
Stealth        | 2 |  2.3
Fighting       | 1 2 3 |  3.1
Maces & Flails | 1 2 |  2.2
Conjurations   | 2 |  2.2
Ice Magic      | 4 5 |  5.2
Spellcasting   | 3 |  3.1
Axes           | 1 |  1.3
Evocations     | |  0.4

Action                   |  1- 3 |  4- 6 |  7- 9 || total
-------------------------+-------+-------+-------++-------
Melee: Unarmed           |    48 |       |       ||    48
       Whip              |    82 |   301 |       ||   383
       Tailslap          |     4 |    32 |     5 ||    41
       War axe           |       |     3 |    91 ||    94
 Cast: Freeze            |    24 |       |       ||    24
       Throw Frost       |    19 |    48 |     4 ||    71
 Abil: Breathe Frost     |       |       |     3 ||     3
Evoke: Deck              |       |     5 |       ||     5
       Wand              |       |     1 |       ||     1
 Stab: Sleeping          |       |     1 |       ||     1
  Eat: Bread ration      |     2 |     3 |     1 ||     6
Armor: Skin              |   104 |   118 |    31 ||   253
Dodge: Dodged            |   207 |   300 |    88 ||   595
